Map: Submarine LE

Players

Anarchy - Winner!

  • Race: Terran Terran
  • League: Gold
  • Spawn Location: 5:00

FABELOUZ

  • Race: Terran Terran
  • League: Silver
  • Spawn Location: 11:00

VOD

Have the link to the VOD?

Description

Time

  • Played on: Oct. 22, 2020, 11:21 a.m.
  • Length: 13:07
Show
View Real Time Build Order
Export as new Build Order

Anarchy Terran - Winner!

Build Orders:  

Get SALT Encoding   

  12  0:04  SCV  
  13  0:16  SCV  
  13  0:20  Supply Depot  
  14  0:28  SCV  
  14  0:34  Refinery  
  15  0:42  SCV  
  16  0:50  Barracks  
  16  0:54  SCV  
  17  1:06  SCV  
  18  1:18  SCV  
  19  1:30  SCV  
  20  1:39  Barracks Tech Lab  
  20  1:43  Orbital Command  
  20  1:51  Command Center  
  20  2:05  Factory  
  20  2:11  Barracks Reactor  
  20  2:12  Refinery  
  20  2:13  SCV  
  21  2:23  Supply Depot  
  21  2:27  SCV  
  22  2:40  SCV  
  23  2:50  Siege Tank  
  26  3:02  SCV  
  26  3:03  SCV  
  28  3:10  Supply Depot x2  
  28  3:11  Supply Depot  
  28  3:15  Orbital Command  
  28  3:16  SCV  
  29  3:28  SCV  
  29  3:32  Siege Tank  
  33  3:42  Factory  
  33  3:48  SCV x2  
  35  4:00  SCV  
  35  4:01  SCV  
  37  4:08  Supply Depot x2  
  37  4:12  SCV  
  37  4:13  SCV  
  39  4:17  Siege Tank  
  39  4:22  Engineering Bay  
  42  4:25  SCV x2  
  44  4:32  Armory  
  44  4:34  Hellion  
  44  4:36  Hellion  
  44  4:37  SCV x2  
  50  4:47  Supply Depot x2  
  50  4:48  Supply Depot  
  50  4:49  SCV x2  
  52  5:00  Missile Turret  
  52  5:01  SCV x2  
  52  5:04  Missile Turret  
  52  5:06  Hi-Sec Auto Tracking  
  54  5:13  SCV x2, Siege Tank  
  59  5:17  Hellion  
  59  5:19  Hellion  
  63  5:25  SCV  
  63  5:26  SCV  
  65  5:29  Refinery x2  
  65  5:39  Supply Depot  
  65  5:40  Supply Depot  
  65  5:42  Supply Depot  
  68  5:56  Hellbat x2  
  72  5:58  Thor  
  75  6:08  SCV x2  
  75  6:09  Command Center  
  77  6:20  SCV x2  
  79  6:28  Armory  
  79  6:32  SCV x2  
  66  6:44  SCV x2  
  58  6:56  SCV  
  58  6:58  SCV  
  58  7:01  Hellion x2, Thor  
  62  7:08  SCV  
  62  7:10  SCV  
  63  7:20  SCV  
  63  7:21  Missile Turret  
  64  7:23  SCV  
  64  7:26  Missile Turret  
  65  7:32  SCV  
  65  7:35  SCV, Terran Vehicle Weapons Level 1, Terran Vehicle And Ship Armor Level 1  
  66  7:44  SCV  
  63  8:01  Hellbat  
  63  8:02  Hellbat, Thor  
  73  8:07  Factory  
  73  8:12  Factory  
  73  8:14  Factory  
  73  8:15  SCV  
  73  8:16  SCV  
  75  8:25  Hellbat x2  
  79  8:28  SCV x2  
  81  8:40  SCV x2  
  83  8:45  Thor  
  89  8:53  Command Center  
  88  8:58  Factory Tech Lab  
  88  9:00  Hellbat  
  88  9:01  Hellbat  
  88  9:02  Factory Tech Lab  
  75  9:11  SCV  
  75  9:12  SCV  
  75  9:15  Planetary Fortress  
  73  9:17  Factory Tech Lab  
  73  9:22  Hellbat  
  73  9:24  SCV x2, Thor  
  77  9:28  Hellbat, Thor  
  89  9:36  SCV x2  
  91  9:48  SCV  
  91  9:51  SCV x2  
  94  10:00  SCV  
  94  10:03  SCV x2, Missile Turret  
  94  10:04  Missile Turret  
  94  10:05  Missile Turret x2  
  97  10:08  Missile Turret  
  97  10:15  SCV x3  
  97  10:19  Hellbat x2, Thor  
  110  10:24  Refinery  
  110  10:27  SCV x3  
  113  10:39  SCV x3  
  113  10:40  SCV  
  113  10:41  Refinery  
  116  11:14  SCV  
  116  11:15  SCV x2  
  116  11:16  Planetary Fortress  
  119  11:22  Hellbat x2, Thor x3  
  136  11:49  Missile Turret  
  136  11:57  Missile Turret  
  136  11:58  Missile Turret  
  136  12:00  SCV x2  
  138  12:10  SCV x2  
  138  12:12  SCV x2  
  138  12:14  Hellbat x2, Thor x2  
  158  12:16  Factory Tech Lab  
  158  12:22  SCV x2  
  160  12:29  Command Center  
  160  12:32  Missile Turret  
  160  12:36  Missile Turret x2  
  160  12:46  SCV  
  160  12:47  SCV x3  
Show
View Real Time Build Order
Export as new Build Order

FABELOUZ Terran 

Build Orders: Banshee Rush 

Get SALT Encoding   

  12  0:01  SCV  
  13  0:13  SCV  
  14  0:24  Refinery  
  14  0:25  SCV  
  15  0:31  Supply Depot  
  15  0:41  Refinery  
  15  0:52  SCV  
  15  0:56  Barracks  
  16  1:05  Supply Depot  
  16  1:13  SCV  
  17  1:21  Engineering Bay  
  17  1:32  SCV  
  18  1:44  SCV  
  19  1:56  SCV, Factory  
  20  2:08  SCV  
  20  2:09  Barracks Reactor  
  21  2:18  Terran Infantry Weapons Level 1  
  21  2:24  SCV  
  22  2:36  SCV  
  23  2:44  Factory Tech Lab, Starport  
  23  2:53  Marine x2  
  26  3:05  Supply Depot  
  26  3:07  Orbital Command  
  26  3:11  Siege Tank, Marine x2  
  30  3:23  Starport Tech Lab  
  30  3:28  Starport  
  30  3:44  Cloaking Field  
  30  3:54  Banshee  
  33  4:07  Starport Reactor  
  33  4:08  Supply Depot  
  33  4:19  Marine x2  
  35  4:31  Supply Depot  
  35  4:37  Banshee, Marine x2  
  40  5:03  Medivac x2  
  44  5:20  Banshee  
  47  5:36  Siege Tank  
  50  5:50  Marine x2  
  52  6:08  Siege Tank  
  55  6:59  Marine  
  55  7:00  Marine  
  45  7:17  Marine  
  45  7:18  Marine  
  47  7:35  Marine  
  47  7:36  Marine  
  43  8:20  Marine x2  
  43  8:23  Siege Tank  
  43  8:26  Banshee  
  51  8:38  Marine x2  
  53  8:55  Marine  
  53  8:56  Marine  
  55  9:06  Siege Tank  
  55  9:09  Banshee  
  55  9:13  Marine x2  
  45  9:37  Medivac x2  
  49  9:52  Banshee  
  52  10:04  Marine x2  
  54  10:22  Marine  
  55  10:38  Supply Depot  
  55  10:51  Marine x2  
  55  10:53  Medivac  
  55  10:54  Medivac  
  53  11:00  Banshee  
  53  11:02  Supply Depot  
  50  11:09  Marine x2  
  50  11:27  Marine x2  
  52  11:43  Banshee  
  52  11:45  Marine x2  
  54  12:02  Marine x2  
Tags
 
Matchup
TvT
Race
Terran
Spawn Locations
Cross Positions
Strategy
Banshee Rush
Add a new tag
Caveats
  • Supply blocks, unpowered buildings, or Contaminate may cause inaccurate times.
  • Supply counts are checked every 10 seconds.